 Dungeon Crawl Stone Soup version 0.18-a0-1435-gee79d65 (webtiles) character file.

81 Goblin1989 the Shield-Bearer (level 4, 32/35 HPs)
             Began as a Formicid Fighter on Feb 28, 2016.
             Quit the game on level 2 of the Dungeon.
             The game lasted 00:03:21 (1123 turns).

Goblin1989 the Shield-Bearer (Formicid Fighter)     Turns: 1123, Time: 00:03:21

Health: 32/35      AC: 11    Str: 21    XL:     4   Next: 68%
Magic:  4/4        EV:  5    Int:  8    God:
Gold:   123        SH:  9    Dex: 10    Spells: 0 memorised, 3 levels left

rFire  + . .     SeeInvis +     a - +0 war axe
rCold  . . .     Gourm    .     n - +0 plate armour
rNeg   . . .     Faith    .     c - +0 shield
rPois  .         Spirit   .     (helmet unavailable)
rElec  .         Dismiss  .     (no cloak)
rCorr  .         Reflect  .     (no gloves)
SustAt .         Harm     .     (no boots)
MR     .....                    (no amulet)
Stlth  ..........               (no ring)
                                l - ring of protection from fire

@: not resistant to hostile enchantments, extremely unstealthy
A: permanent stasis, dig shafts and tunnels, four strong arms, antennae 3
a: Dig, Shaft Self


You were on level 2 of the Dungeon.
You were hungry.

You visited 1 branch of the dungeon, and saw 2 of its levels.

You collected 123 gold pieces.

Inventory:

Hand Weapons
 a - a +0 war axe (weapon)
Armour
 c - a +0 shield (worn)
 n - a +0 plate armour (worn)
Jewellery
 l - a ring of protection from fire (left hand)
Scrolls
 b - a scroll of blinking {unknown}
 g - a scroll of immolation {unknown}
 i - 2 scrolls of identify {unknown}
 j - a scroll of remove curse {unknown}
Potions
 d - a potion of might
 e - a potion of mutation {unknown}
 h - a potion of heal wounds {unknown}
 m - a potion of haste {unknown}
Comestibles
 f - a bread ration
 k - a meat ration


   Skills:
 + Level 3.4 Fighting
 + Level 2.4 Axes
 + Level 4.1 Armour
 + Level 1.0 Dodging
 + Level 4.6 Shields


You had 3 spell levels left.
You didn't know any spells.

Dungeon Overview and Level Annotations

Branches:
Dungeon (2/15)

Altars:
Makhleb
Vehumet


Innate Abilities, Weirdness & Mutations

You are under a permanent stasis effect.
You can dig through walls and to a lower floor.
Your four strong arms can wield two-handed weapons with a shield.
You have a pair of large antennae on your head (SInv).


Message History

No target in view!
No target in view!
No target in view!
No target in view!
No target in view!
No target in view!
No target in view!
No target in view!
No target in view!
No target in view!
No target in view!
No target in view!
No target in view!
No target in view!
No target in view!
There is an open door, spattered with blood here.
There is a fountain of clear blue water here.
Done exploring.
Done exploring.
Are you sure you want to abandon this character and quit the game? (Confirm with "yes".)

............#...#
.....)......#.#.#
..............#.#
............###.#
............###.##########
...........#.............##
...............#########..#
#######.###.####.......##.#
#)##..# #.@#####⌠.#†#
#(#..## #.##...##.#.#
####.#.## #.#.⌠.⌠.#.#.#
#......# #.'..>..#...#
##.#..### #†#.⌠.⌠.#.###
#..#.## #.##...##.#
###....# #.⌠#####⌠.#
.....### ###.†.....##
##..## ##.#########


There were no monsters in sight!

Vanquished Creatures
  3 adders (D:2)
  2 worms (D:2)
  2 dart slugs (D:1)
  5 bats
  2 giant cockroaches
  6 goblins
  3 hobgoblins
  6 jackals (D:2)
  4 kobolds
  A ball python (D:1)
  4 giant newts
  5 rats
  A fungus (D:1)
44 creatures vanquished.

Notes
Turn   | Place    | Note
--------------------------------------------------------------
     0 | D:1      | Goblin1989 the Formicid Fighter began the quest for the Orb.
     0 | D:1      | Reached XP level 1. HP: 18/18 MP: 1/1
   124 | D:1      | Reached XP level 2. HP: 20/24 MP: 2/2
   375 | D:1      | Reached XP level 3. HP: 26/29 MP: 3/3
   689 | D:2      | Reached XP level 4. HP: 16/35 MP: 4/4
   843 | D:2      | Reached skill level 1 in Dodging
   856 | D:2      | Found a burning altar of Makhleb.
   856 | D:2      | Found a radiant altar of Vehumet.
  1123 | D:2      | Quit the game

Vault maps used:
D:1:      arrival_zaba_pyramid, minmay_gold_behind_fungi
D:2:      gammafunk_temple_overflow_pools, grunt_ministairs_11

Skill      XL: |  1  2  3  4 |
---------------+-------------+-----
Shields        | 4 |  4.6
Armour         | 4 |  4.1
Dodging        | 1 |  1.0
Fighting       | |  3.4
Axes           | |  2.4

Action                   |  1- 3 |  4- 6 || total
-------------------------+-------+-------++-------
Melee: War axe           |    75 |    51 ||   126
